TL
SAN ANTONIO MISSIONS @ SHREVEPORT BRAVES
05/02/1981
 
TOP OF THE 1ST
San Antonio Missions batting - Pitching for Shreveport Braves : RHP Fernando Amaya
Pitching: RHP Fernando Amaya
Batting: SHB Wallace Johnson 0-0: Ball
1-0: Called Strike
1-1: Ball
2-1: Called Strike
2-2: Ground out 4-3 (Groundball, 4, EV 88.8 MPH)
Batting: LHB Jerold Johnston 0-0: Called Strike
0-1: Foul Ball, location: 2F
0-2: Foul Ball, location: 2F
0-2: Strikes out swinging
Batting: RHB Randy Ready 0-0: Ball
1-0: Ball
2-0: SINGLE (Line Drive, 89S, EV 99.4 MPH)
Batting: LHB Steven Fortune 0-0: Ball
1-0: Ball
2-0: Ball
3-0: Base on Balls
Randy Ready to second
Batting: LHB Miguel Negron 0-0: Fly out, F8 (Line Drive, 8LD, EV 100.6 MPH)
Top of the 1st over - 0 runs, 1 hit, 0 errors, 2 left on base; San Antonio 0 - Shreveport 0
BOTTOM OF THE 1ST
Shreveport Braves batting - Pitching for San Antonio Missions : RHP Steve Finch
Pitching: RHP Steve Finch
Batting: RHB Jeff Matthews 0-0: Ball
1-0: Ground out U3 (Groundball, 3S, EV 73.8 MPH)
Batting: RHB Scott Ullger 0-0: Ball
1-0: Foul Ball, location: 2F
1-1: Ball
2-1: Foul Ball, location: 2F
2-2: Ball
3-2: Foul Ball, location: 2F
3-2: Foul Ball, location: 2F
3-2: Base on Balls
Batting: LHB Robert Loscalzo 0-0: Called Strike
0-1: Ball
1-1: Ball
2-1: Swinging Strike
2-2: Fielders Choice at 2nd, 1-6 (Groundball, P, EV 75.6 MPH)
Batting: RHB Alfonso Gomez 0-0: Ball
1-0: Ball
2-0: Called Strike
2-1: Ball
3-1: Foul Ball, location: 2F
3-2: Base on Balls
Robert Loscalzo to second
Batting: RHB Glenn Walker 0-0: 3-RUN HOME RUN (Flyball, 89XD, EV 97.5 MPH), Distance : 416 ft
Batting: LHB John Flammang 0-0: Called Strike
0-1: DOUBLE (Line Drive, 78D, EV 105.0 MPH)
Batting: SHB Michael Lessard 0-0: Ground out 6-3 (Groundball, 6, EV 88.1 MPH)
Bottom of the 1st over - 3 runs, 2 hits, 0 errors, 1 left on base; San Antonio 0 - Shreveport 3
TOP OF THE 2ND
San Antonio Missions batting - Pitching for Shreveport Braves : RHP Fernando Amaya
Batting: RHB Amos Lewis 0-0: Ball
1-0: Ball
2-0: Foul Ball, location: 2F
2-1: Foul Ball, location: 2F
2-2: Ball
3-2: Foul Ball, location: 2F
3-2: Base on Balls
Batting: LHB Tom Lombarski 0-0: Foul Ball, location: 2F
0-1: Foul Ball, location: 2F
0-2: Ball
1-2: Foul Ball, location: 2F
1-2: Ball
2-2: Strikes out swinging
Batting: RHB Albert Romero 0-0: Ball
1-0: Foul Ball, location: 2F
1-1: Swinging Strike
1-2: Ball
2-2: Foul Ball, location: 2F
2-2: Ball
3-2: Foul Ball, location: 2F
3-2: Strikes out looking
Batting: RHB Steve M Davis 0-0: Called Strike
0-1: Ball
1-1: Called Strike
1-2: Ball
2-2: 2-RUN HOME RUN (Flyball, 7D, EV 108.8 MPH), Distance : 387 ft
Batting: SHB Wallace Johnson 0-0: Ball
1-0: Called Strike
1-1: Ball
2-1: SINGLE (Groundball, 25, EV 59.4 MPH) (infield hit)
Batting: LHB Jerold Johnston 0-0: Ball
1-0: Called Strike
1-1: Foul Ball, location: 2F
1-2: Ball
2-2: Ground out 4-3 (Groundball, 34, EV 80.0 MPH)
Top of the 2nd over - 2 runs, 2 hits, 0 errors, 1 left on base; San Antonio 2 - Shreveport 3
BOTTOM OF THE 2ND
Shreveport Braves batting - Pitching for San Antonio Missions : RHP Steve Finch
Batting: RHB Juan Perez 0-0: Ball
1-0: Swinging Strike
1-1: Called Strike
1-2: Ball
2-2: Ball
3-2: Base on Balls
Batting: RHB Marc Sullivan 0-0: Called Strike
0-1: Swinging Strike
0-2: Ball
1-2: Ball
2-2: Ball
3-2: Base on Balls
Juan Perez to second
Batting: RHB Jeff Matthews 0-0: Fielders Choice at 2nd, 4-6 (Groundball, 4, EV 84.4 MPH)
Juan Perez to third
Batting: RHB Scott Ullger 0-0: Ball
1-0: Called Strike
1-1: Ball
2-1: Ball
3-1: Fly out, F4 (Popup, 13, EV 76.3 MPH)
Batting: LHB Robert Loscalzo 0-0: 3-RUN HOME RUN (Flyball, 9D, EV 108.1 MPH), Distance : 346 ft
Batting: RHB Alfonso Gomez 0-0: Called Strike
0-1: Fly out, F6 (Flyball, 5D, EV 92.5 MPH)
Bottom of the 2nd over - 3 runs, 1 hit, 0 errors, 0 left on base; San Antonio 2 - Shreveport 6
TOP OF THE 3RD
San Antonio Missions batting - Pitching for Shreveport Braves : RHP Fernando Amaya
Batting: RHB Randy Ready 0-0: Called Strike
0-1: Swinging Strike
0-2: Fly out, F6 (Popup, 6MS, EV 63.8 MPH)
Batting: LHB Steven Fortune 0-0: Called Strike
0-1: Called Strike
0-2: Foul Ball, location: 2F
0-2: Ball
1-2: SINGLE (Line Drive, 8RS, EV 93.1 MPH)
Batting: LHB Miguel Negron 0-0: Called Strike
0-1: Reached on error, E5 (Groundball, 56S, EV 68.8 MPH)
Steven Fortune to second
Batting: RHB Amos Lewis 0-0: Called Strike
0-1: Foul Ball, location: 2F
0-2: Ball
1-2: Fly out, F8 (Flyball, 8LXD, EV 76.3 MPH)
Runner from 2nd tags up, SAFE at 3rd, no throw by CF
Batting: LHB Tom Lombarski 0-0: Ball
1-0: Ball
2-0: Swinging Strike
2-1: Foul Ball, location: 2F
2-2: Ground out 5-3 (Groundball, 56S, EV 88.8 MPH)
Top of the 3rd over - 0 runs, 1 hit, 1 error, 2 left on base; San Antonio 2 - Shreveport 6
BOTTOM OF THE 3RD
Shreveport Braves batting - Pitching for San Antonio Missions : RHP Steve Finch
Batting: RHB Glenn Walker 0-0: Called Strike
0-1: Foul Ball, location: 2F
0-2: Ball
1-2: Foul Ball, location: 2F
1-2: Foul Ball, location: 2F
1-2: Foul Ball, location: 2F
1-2: Foul Ball, location: 2F
1-2: Ball
2-2: Ball
3-2: Ground out 6-3 (Groundball, 6M, EV 90.6 MPH)
Pitching: RHP Mike Moore
Batting: LHB John Flammang 0-0: Ball
1-0: Foul Ball, location: 2F
1-1: Swinging Strike
1-2: Ball
2-2: Ball
3-2: Foul Ball, location: 2F
3-2: Base on Balls
Batting: SHB Michael Lessard 0-0: Foul Ball, location: 2F
0-1: Fly out, F8 (Flyball, 8LS, EV 75.6 MPH)
Batting: RHB Juan Perez 0-0: Ball
1-0: Ball
2-0: 2-RUN HOME RUN (Flyball, 7D, EV 101.3 MPH), Distance : 363 ft
Batting: RHB Marc Sullivan 0-0: Foul Ball, location: 2F
0-1: Called Strike
0-2: SINGLE (Groundball, 56D, EV 102.5 MPH)
Batting: RHB Jeff Matthews 0-0: Foul Ball, location: 2F
0-1: Foul Ball, location: 2F
0-2: Ground out 4-3 (Groundball, 4S, EV 84.4 MPH)
Bottom of the 3rd over - 2 runs, 2 hits, 0 errors, 1 left on base; San Antonio 2 - Shreveport 8
TOP OF THE 4TH
San Antonio Missions batting - Pitching for Shreveport Braves : RHP Fernando Amaya
Batting: RHB Albert Romero 0-0: Fly out, F8 (Flyball, 78XD, EV 102.5 MPH)
Batting: RHB Steve M Davis 0-0: Called Strike
0-1: Ball
1-1: Fly out, F8 (Flyball, 8RXD, EV 103.8 MPH)
Batting: SHB Wallace Johnson 0-0: Foul Ball, location: 2F
0-1: Ground out 4-3 (Groundball, 4, EV 88.8 MPH)
Top of the 4th over - 0 runs, 0 hits, 0 errors, 0 left on base; San Antonio 2 - Shreveport 8
BOTTOM OF THE 4TH
Shreveport Braves batting - Pitching for San Antonio Missions : RHP Mike Moore
Batting: RHB Scott Ullger 0-0: Called Strike
0-1: Called Strike
0-2: Strikes out swinging
Batting: LHB Robert Loscalzo 0-0: Foul Ball, location: 2F
0-1: Ball
1-1: Swinging Strike
1-2: Foul Ball, location: 2F
1-2: Ground out 6-3 (Groundball, 6, EV 108.8 MPH)
Batting: RHB Alfonso Gomez 0-0: Ball
1-0: Fly out, F9 (Flyball, 9S, EV 87.5 MPH)
Bottom of the 4th over - 0 runs, 0 hits, 0 errors, 0 left on base; San Antonio 2 - Shreveport 8
TOP OF THE 5TH
San Antonio Missions batting - Pitching for Shreveport Braves : RHP Fernando Amaya
Batting: LHB Jerold Johnston 0-0: Ball
1-0: Foul Ball, location: 2F
1-1: Swinging Strike
1-2: Foul Ball, location: 2F
1-2: Ball
2-2: Ball
3-2: Foul Ball, location: 2F
3-2: Foul Ball, location: 2F
3-2: Fly out, F8 (Flyball, 78D, EV 108.1 MPH)
Batting: RHB Randy Ready 0-0: Swinging Strike
0-1: Foul Ball, location: 2F
0-2: Strikes out looking
Batting: LHB Steven Fortune 0-0: SINGLE (Flyball, 89S, EV 83.8 MPH)
Batting: LHB Miguel Negron 0-0: Fly out, F8 (Flyball, 78D, EV 91.9 MPH)
Top of the 5th over - 0 runs, 1 hit, 0 errors, 1 left on base; San Antonio 2 - Shreveport 8
BOTTOM OF THE 5TH
Shreveport Braves batting - Pitching for San Antonio Missions : RHP Mike Moore
Batting: RHB Glenn Walker 0-0: Foul Ball, location: 2F
0-1: Called Strike
0-2: Fly out, F8 (Flyball, 8RM, EV 90.0 MPH)
Batting: LHB John Flammang 0-0: Called Strike
0-1: Swinging Strike
0-2: Strikes out looking
Batting: SHB Michael Lessard 0-0: Foul Ball, location: 2F
0-1: Swinging Strike
0-2: Ball
1-2: Ground out U3 (Groundball, 34S, EV 70.0 MPH)
Bottom of the 5th over - 0 runs, 0 hits, 0 errors, 0 left on base; San Antonio 2 - Shreveport 8
TOP OF THE 6TH
San Antonio Missions batting - Pitching for Shreveport Braves : RHP Fernando Amaya
Batting: RHB Amos Lewis 0-0: Called Strike
0-1: Called Strike
0-2: Ground out 6-3 (Groundball, 6, EV 83.8 MPH)
Batting: LHB Tom Lombarski 0-0: Called Strike
0-1: Foul Ball, location: 2F
0-2: Strikes out swinging
Batting: RHB Albert Romero 0-0: Ball
1-0: Ball
2-0: Ground out 2-3 (Groundball, 13S, EV 64.4 MPH)
Top of the 6th over - 0 runs, 0 hits, 0 errors, 0 left on base; San Antonio 2 - Shreveport 8
BOTTOM OF THE 6TH
Shreveport Braves batting - Pitching for San Antonio Missions : RHP Mike Moore
Batting: RHB Juan Perez 0-0: Ball
1-0: Ball
2-0: Called Strike
2-1: Called Strike
2-2: Strikes out looking
Batting: RHB Marc Sullivan 0-0: Called Strike
0-1: Fly out, F8 (Flyball, 8RM, EV 89.4 MPH)
Batting: RHB Jeff Matthews 0-0: Ball
1-0: Foul Ball, location: 2F
1-1: Ground out 4-3 (Groundball, 34, EV 87.5 MPH)
Bottom of the 6th over - 0 runs, 0 hits, 0 errors, 0 left on base; San Antonio 2 - Shreveport 8
TOP OF THE 7TH
San Antonio Missions batting - Pitching for Shreveport Braves : RHP Fernando Amaya
Batting: RHB Steve M Davis 0-0: Ball
1-0: Called Strike
1-1: Fly out, F9 (Flyball, 89M, EV 86.9 MPH)
Batting: SHB Wallace Johnson 0-0: Called Strike
0-1: Ground out 4-3 (Groundball, 4, EV 81.9 MPH)
Batting: LHB Jerold Johnston 0-0: Called Strike
0-1: Ball
1-1: Ball
2-1: Ball
3-1: Called Strike
3-2: DOUBLE (Line Drive, 9LS, EV 113.1 MPH)
Batting: RHB Randy Ready 0-0: SINGLE (Groundball, 6D, EV 93.8 MPH)
Jerold Johnston to third
Runner from 3rd tries for Home, SAFE, no throw by CF
Batting: LHB Steven Fortune 0-0: Ball
1-0: Ball
2-0: Called Strike
2-1: Ball
3-1: Called Strike
3-2: SINGLE (Groundball, 34D, EV 108.8 MPH)
Randy Ready to second
Randy Ready to third
Batting: LHB Miguel Negron 0-0: Ball
1-0: Foul Ball, location: 2F
1-1: Swinging Strike
1-2: Ball
2-2: Ball
3-2: Base on Balls
Steven Fortune to second
Batting: RHB Amos Lewis 0-0: Called Strike
0-1: Called Strike
0-2: Foul Ball, location: 2F
0-2: Foul Ball, location: 2F
0-2: Ball
1-2: Fielders Choice at 2nd, 6-4 (Groundball, 6, EV 105.6 MPH)
Top of the 7th over - 1 run, 3 hits, 0 errors, 3 left on base; San Antonio 3 - Shreveport 8
BOTTOM OF THE 7TH
Shreveport Braves batting - Pitching for San Antonio Missions : RHP Mike Moore
Batting: RHB Scott Ullger 0-0: Foul Ball, location: 2F
0-1: Ball
1-1: Ball
2-1: Swinging Strike
2-2: Ball
3-2: Strikes out swinging
Batting: LHB Robert Loscalzo 0-0: Called Strike
0-1: Ball
1-1: Swinging Strike
1-2: Ball
2-2: Ball
3-2: Base on Balls
Batting: RHB Alfonso Gomez 0-0: Called Strike
0-1: Ball
1-1: Ball
2-1: Ball
3-1: Base on Balls
Robert Loscalzo to second
Batting: RHB Glenn Walker 0-0: Swinging Strike
0-1: Called Strike
0-2: Strikes out swinging
Pitching: LHP Gil Maldonado
Batting: LHB John Flammang 0-0: Ball
Alfonso Gomez steals 2nd base
Robert Loscalzo steals 3rd base
1-0: Ground out U3 (Groundball, 3, EV 76.9 MPH)
Bottom of the 7th over - 0 runs, 0 hits, 0 errors, 2 left on base; San Antonio 3 - Shreveport 8
TOP OF THE 8TH
San Antonio Missions batting - Pitching for Shreveport Braves : RHP Fernando Amaya
Pitching: RHP Bob Ferris
Batting: LHB Tom Lombarski 0-0: Called Strike
0-1: Swinging Strike
0-2: Ball
1-2: Strikes out looking
Batting: RHB Albert Romero 0-0: Swinging Strike
0-1: Ground out 1-3 (Groundball, P, EV 83.8 MPH)
Batting: RHB Steve M Davis 0-0: Foul Ball, location: 2F
0-1: Ball
1-1: Ball
2-1: Ball
3-1: SINGLE (Groundball, 56D, EV 103.1 MPH)
Batting: SHB Wallace Johnson 0-0: Ball
1-0: Called Strike
1-1: Fly out, F7 (Flyball, 7LS, EV 85.0 MPH)
Top of the 8th over - 0 runs, 1 hit, 0 errors, 1 left on base; San Antonio 3 - Shreveport 8
BOTTOM OF THE 8TH
Shreveport Braves batting - Pitching for San Antonio Missions : LHP Gil Maldonado
Batting: SHB Michael Lessard 0-0: Called Strike
0-1: Ball
1-1: Ball
2-1: Ground out U3 (Groundball, 3, EV 76.3 MPH)
Batting: RHB Juan Perez 0-0: Called Strike
0-1: SINGLE (Line Drive, 3D, EV 98.1 MPH)
Batting: RHB Marc Sullivan 0-0: Called Strike
0-1: Ball
1-1: Ball
2-1: Fly out, F9 (Flyball, 9S, EV 84.4 MPH)
Batting: RHB Jeff Matthews 0-0: Ball
1-0: Called Strike
1-1: Fielders Choice at 2nd, 6-4 (Groundball, 6, EV 103.8 MPH)
Bottom of the 8th over - 0 runs, 1 hit, 0 errors, 1 left on base; San Antonio 3 - Shreveport 8
TOP OF THE 9TH
San Antonio Missions batting - Pitching for Shreveport Braves : RHP Bob Ferris
Batting: LHB Jerold Johnston 0-0: Called Strike
0-1: Ball
1-1: Ball
2-1: Ball
3-1: Called Strike
3-2: Fly out, F7 (Flyball, 7, EV 98.1 MPH)
Batting: RHB Randy Ready 0-0: Ball
1-0: Ball
2-0: Ball
3-0: Base on Balls
Batting: LHB Steven Fortune 0-0: Ball
1-0: Called Strike
1-1: Ball
2-1: Foul Ball, location: 2F
2-2: Strikes out swinging
Batting: LHB Miguel Negron 0-0: Called Strike
0-1: SINGLE (Flyball, 89S, EV 95.6 MPH)
Randy Ready to second
Batting: RHB Amos Lewis 0-0: Ball
1-0: Foul Ball, location: 2F
1-1: Ball
2-1: Foul Ball, location: 2F
2-2: Foul Ball, location: 2F
2-2: Strikes out swinging
Top of the 9th over - 0 runs, 1 hit, 0 errors, 2 left on base; San Antonio 3 - Shreveport 8
Sunday, June 21st, 2020 - OOTP Baseball 21.4 Build 63